[Event "105th British-ch 2018"]
[Site "Hull"]
[Date "2018.08.03"]
[Round "7"]
[White "Waddington, Mike P"]
[Black "Derakhshani, Borna"]
[Result "0-1"]
[ECO "A00"]
[WhiteElo "2110"]
[BlackElo "2315"]
[Annotator "NA"]
[PlyCount "58"]
[EventDate "2018.07.28"]
[EventType "swiss"]
[EventCountry "GBR"]
[SourceTitle "playchess.com"]
[Source "ChessBase"]
[SourceQuality "1"]
[TimeControl "40/5400+30:1800+30"]

1. Nc3 d5 2. e4 d4 3. Nce2 e5 4. Ng3 Be6 5. Nf3 f6 6. Be2 Qd7 7. O-O h5 8. Nh4 Bf7 9. d3 Nc6 10. c3 g6 11. a4 Be7 12. Nf3 h4 13. Nh1 O-O-O 14. a5 a6 15. cxd4 exd4 16. Ne1 f5 17. f4 Nf6 18. Nf2 Nb4 19. Bf3 Qb5 20. Qa4 Qxa4 21. Rxa4 Na2 22. Rxa2 Bxa2 23. Bd2 Bb3 24. Nh3 fxe4 25. dxe4 Bc4 26. Rf2 Bc5 27. Nc2 Bb3 28. Bb4 d3 29. Bxc5 dxc2 0-1

[Event "105th British-ch 2018"]
[Site "Hull"]
[Date "2018.08.03"]
[Round "7"]
[White "Maroroa, Sue Yuchan"]
[Black "Mcphillips, Joseph"]
[Result "0-1"]
[ECO "C06"]
[WhiteElo "2104"]
[BlackElo "2402"]
[Annotator "NA"]
[PlyCount "66"]
[EventDate "2018.07.28"]
[EventType "swiss"]
[EventCountry "GBR"]
[SourceTitle "playchess.com"]
[Source "ChessBase"]
[SourceQuality "1"]
[TimeControl "40/5400+30:1800+30"]

1. e4 e6 2. d4 d5 3. Nd2 Nf6 4. e5 Nfd7 5. Bd3 c5 6. c3 Nc6 7. Ngf3 h5 8. h3 Be7 9. Qe2 cxd4 10. cxd4 Nb4 11. Nb1 Nxd3+ 12. Qxd3 b5 13. O-O a5 14. Nc3 b4 15. Nxd5 Ba6 16. Qb1 exd5 17. e6 Bxf1 18. exd7+ Qxd7 19. Kxf1 O-O 20. Bf4 Qe6 21. Kg1 Qe4 22. Qxe4 dxe4 23. Ne5 Bd6 24. Re1 Rfe8 25. Bg3 Rac8 26. Re2 f6 27. Ng6 Bxg3 28. fxg3 Rc1+ 29. Kf2 e3+ 30. Rxe3 Rc2+ 31. Kf3 Rxe3+ 32. Kxe3 Kf7 33. Nf4 Rxb2 0-1

[Event "105th British-ch 2018"]
[Site "Hull"]
[Date "2018.08.03"]
[Round "7"]
[White "Sugden, John N"]
[Black "Britton, Richard"]
[Result "0-1"]
[ECO "B25"]
[WhiteElo "2090"]
[BlackElo "2249"]
[Annotator "NA"]
[PlyCount "114"]
[EventDate "2018.07.28"]
[EventType "swiss"]
[EventCountry "GBR"]
[SourceTitle "playchess.com"]
[Source "ChessBase"]
[SourceQuality "1"]
[TimeControl "40/5400+30:1800+30"]

1. e4 c5 2. Nc3 Nc6 3. g3 g6 4. Bg2 Bg7 5. d3 d6 6. f4 Nf6 7. Nf3 O-O 8. O-O Rb8 9. h3 b5 10. g4 b4 11. Ne2 a5 12. Ng3 Qc7 13. Be3 Nd7 14. Rb1 a4 15. Qd2 Ba6 16. Rf2 a3 17. b3 Nd4 18. Ne2 Nxe2+ 19. Qxe2 e6 20. Nd2 Rbe8 21. f5 exf5 22. gxf5 d5 23. Bf4 Qb6 24. fxg6 hxg6 25. Qg4 Nf6 26. Qh4 dxe4 27. Nxe4 Nxe4 28. Bxe4 c4 29. Bh6 cxd3 30. cxd3 Qd4 31. Bxg7 Kxg7 32. Qg3 f5 33. Rc1 Re7 34. Rc6 Rf6 35. Rxf6 Kxf6 36. Kh1 Qe5 37. Qh4+ Kf7 38. Qh7+ Qg7 39. Bd5+ Ke8 40. Bc6+ Kf8 41. Qh4 Bxd3 42. Qxb4 Qe5 43. Kg2 Kg7 44. Qxa3 Be4+ 45. Bxe4 Qxe4+ 46. Kh2 Qe5+ 47. Kg2 Qd5+ 48. Kh2 Re1 49. Qb2+ Kh7 50. Re2 Qh1+ 51. Kg3 Qg1+ 52. Kf3 Qf1+ 53. Ke3 Rd1 54. Qe5 Qxh3+ 55. Kf4 Qg4+ 56. Ke3 Qg1+ 57. Kf4 Rf1+ 0-1

[Event "105th British-ch 2018"]
[Site "Hull"]
[Date "2018.08.03"]
[Round "7"]
[White "Price, Gwilym T"]
[Black "Burke, Mitchell R"]
[Result "1/2-1/2"]
[ECO "B32"]
[WhiteElo "2085"]
[BlackElo "1988"]
[Annotator "NA"]
[PlyCount "91"]
[EventDate "2018.07.28"]
[EventType "swiss"]
[EventCountry "GBR"]
[SourceTitle "playchess.com"]
[Source "ChessBase"]
[SourceQuality "1"]
[TimeControl "40/5400+30:1800+30"]

1. e4 c5 2. Nf3 Nc6 3. d4 cxd4 4. Nxd4 d5 5. Nxc6 bxc6 6. exd5 Qxd5 7. Nc3 Qxd1+ 8. Nxd1 e5 9. Bd3 f5 10. O-O Bd6 11. Re1 Ne7 12. b3 O-O 13. Bb2 Ng6 14. Ne3 e4 15. Bf1 Be6 16. Nc4 Bc5 17. Ba3 Bxa3 18. Nxa3 Bf7 19. Rad1 Rfd8 20. Nc4 Bxc4 21. Bxc4+ Kf8 22. Be6 Ne7 23. c4 c5 24. f3 exf3 25. gxf3 g6 26. Kf2 Kg7 27. Bd7 Kf7 28. Re5 Rac8 29. Bxc8 Rxd1 30. Rxc5 Rd2+ 31. Kg3 Rxa2 32. b4 a5 33. bxa5 Nxc8 34. Rxc8 Rxa5 35. Rc7+ Kf6 36. Rxh7 Rc5 37. Rh4 g5 38. Rd4 Ke5 39. Rd5+ Rxd5 40. cxd5 Kxd5 41. h4 f4+ 42. Kg4 gxh4 43. Kxh4 Ke6 44. Kg5 Ke5 45. Kg4 Ke6 46. Kxf4 {[%emt 0:00:00] Ke5+ [%emt 00:00:33] Ke4+} 1/2-1/2

[Event "105th British-ch 2018"]
[Site "Hull"]
[Date "2018.08.03"]
[Round "7"]
[White "Ratnesan, Ranesh"]
[Black "McDougall, William M"]
[Result "0-1"]
[ECO "D94"]
[WhiteElo "2073"]
[BlackElo "2056"]
[Annotator "NA"]
[PlyCount "80"]
[EventDate "2018.07.28"]
[EventType "swiss"]
[EventCountry "GBR"]
[SourceTitle "playchess.com"]
[Source "ChessBase"]
[SourceQuality "1"]
[TimeControl "40/5400+30:1800+30"]

1. d4 Nf6 2. c4 g6 3. Nf3 Bg7 4. Nc3 d5 5. e3 O-O 6. Bd2 c5 7. dxc5 Na6 8. cxd5 Nxd5 9. Bxa6 Nxc3 10. Bxc3 Bxc3+ 11. bxc3 bxa6 12. Qxd8 Rxd8 13. Ke2 Be6 14. Rhd1 Rdc8 15. Ng5 Bc4+ 16. Ke1 Rxc5 17. Ne4 Rc7 18. g4 f6 19. Rd2 Rb8 20. f4 Kf7 21. Rad1 Be6 22. h3 Rb5 23. Rc1 Ra5 24. Rcc2 h5 25. Nf2 Ra3 26. Rd3 Bxa2 27. Rc1 Bc4 28. Rd2 Bb5 29. Nd1 a5 30. gxh5 gxh5 31. h4 Rb3 32. Rd5 a4 33. Rxh5 a3 34. Ra1 a5 35. Kd2 a4 36. Rd5 Rc8 37. h5 Rg8 38. Rxa3 Rg2+ 39. Kc1 Rxa3 40. Rxb5 Ra1+ 0-1

[Event "105th British-ch 2018"]
[Site "Hull"]
[Date "2018.08.03"]
[Round "7"]
[White "Jackson, Sheila"]
[Black "Krzyzanowski, Patryk"]
[Result "1/2-1/2"]
[ECO "B14"]
[WhiteElo "2072"]
[BlackElo "2087"]
[Annotator "NA"]
[PlyCount "89"]
[EventDate "2018.07.28"]
[EventType "swiss"]
[EventCountry "GBR"]
[SourceTitle "playchess.com"]
[Source "ChessBase"]
[SourceQuality "1"]
[TimeControl "40/5400+30:1800+30"]

1. e4 c5 2. c3 g6 3. d4 cxd4 4. cxd4 d5 5. exd5 Nf6 6. Bb5+ Nbd7 7. Nc3 Bg7 8. d6 exd6 9. Qe2+ Qe7 10. Bf4 Qxe2+ 11. Ngxe2 Ke7 12. O-O Nb6 13. Rfe1 a6 14. Bd3 Be6 15. Ne4 Nxe4 16. Bxe4 Rab8 17. Rad1 f5 18. Bf3 Kd7 19. d5 Bf7 20. b3 Rhe8 21. g4 Be5 22. Be3 Na8 23. Rc1 Nc7 24. Red1 Rbc8 25. a4 h5 26. gxf5 gxf5 27. Kh1 Rg8 28. Rc4 b5 29. Rh4 Rg7 30. Ng3 f4 31. Bxf4 Bf6 32. Nxh5 Bxh4 33. Nxg7 Rg8 34. Ne6 Nxe6 35. dxe6+ Bxe6 36. Rxd6+ Ke7 37. Rxa6 Bxf2 38. Bd6+ Kd7 39. Bg3 Bxg3 40. hxg3 bxa4 41. bxa4 Rxg3 42. Bg2 Rg5 43. Kh2 Bd5 44. Bf1 Bc6 45. Ra7+ 1/2-1/2

[Event "105th British-ch 2018"]
[Site "Hull"]
[Date "2018.08.03"]
[Round "7"]
[White "Miller, Dominic"]
[Black "Verma, Aditya"]
[Result "1-0"]
[ECO "B76"]
[WhiteElo "2017"]
[BlackElo "2084"]
[Annotator "NA"]
[PlyCount "71"]
[EventDate "2018.07.28"]
[EventType "swiss"]
[EventCountry "GBR"]
[SourceTitle "playchess.com"]
[Source "ChessBase"]
[SourceQuality "1"]
[TimeControl "40/5400+30:1800+30"]

1. e4 c5 2. Nf3 d6 3. d4 cxd4 4. Nxd4 Nf6 5. Nc3 g6 6. Be3 Bg7 7. f3 Nc6 8. Qd2 O-O 9. O-O-O Bd7 10. g4 Ne5 11. h4 Rc8 12. h5 Qa5 13. Nb3 Qc7 14. Be2 b5 15. Kb1 Nc4 16. Bxc4 bxc4 17. Nc1 Rb8 18. h6 Qb7 19. b3 Bh8 20. g5 Ne8 21. Bd4 Bxd4 22. Qxd4 e5 23. Qxc4 Rc8 24. Qd3 Be6 25. N1e2 f6 26. f4 f5 27. fxe5 dxe5 28. exf5 Rxf5 29. Qe3 Nd6 30. Rxd6 Qxh1+ 31. Kb2 Bf7 32. Ng3 Qh2 33. Nxf5 gxf5 34. Qxa7 Qg3 35. Rc6 Rf8 36. Qe7 1-0

[Event "105th British-ch 2018"]
[Site "Hull"]
[Date "2018.08.03"]
[Round "7"]
[White "Young"]
[Black "Pollack, Oscar"]
[Result "1-0"]
[ECO "C18"]
[WhiteElo "1962"]
[BlackElo "2064"]
[Annotator "NA"]
[PlyCount "149"]
[EventDate "2018.07.28"]
[EventType "swiss"]
[EventCountry "GBR"]
[SourceTitle "playchess.com"]
[Source "ChessBase"]
[SourceQuality "1"]
[TimeControl "40/5400+30:1800+30"]

1. e4 e6 2. d4 d5 3. Nc3 Bb4 4. e5 c5 5. a3 Bxc3+ 6. bxc3 Ne7 7. Qg4 Qc7 8. Bd3 cxd4 9. Ne2 dxc3 10. Qxg7 Rg8 11. Qxh7 Qxe5 12. h4 Nd7 13. Bf4 Qf6 14. Bg5 Qh8 15. Qxh8 Rxh8 16. Nxc3 f6 17. Bd2 Ne5 18. h5 Bd7 19. Rb1 Bc6 20. f3 Kd7 21. Kf2 Rag8 22. g4 f5 23. gxf5 Nxd3+ 24. cxd3 Nxf5 25. Bf4 Rh7 26. Rbg1 Rxg1 27. Kxg1 Ke7 28. Ne2 Bb5 29. Bg5+ Kf7 30. Nf4 Ne7 31. Kf2 Bc6 32. Re1 Ng8 33. Rxe6 Rxh5 34. Rxc6 Rxg5 35. Rc7+ Kf6 36. Rxb7 Rf5 37. Ne2 Nh6 38. Nd4 Rh5 39. Rxa7 Ke5 40. Nc6+ Kd6 41. Nd4 Ke5 42. Ke3 Rh3 43. Re7+ Kd6 44. Re6+ Kd7 45. Rg6 Nf7 46. a4 Ne5 47. Rg7+ Kd6 48. Rg1 Rh8 49. Nb5+ Kd7 50. Rg7+ Ke6 51. a5 Rb8 52. Nd4+ Kf6 53. Rg1 Re8 54. Kd2 Rh8 55. Ra1 Nd7 56. a6 Ke5 57. Nb5 d4 58. a7 Nb6 59. Nc7 Rh2+ 60. Kc1 Rh1+ 61. Kb2 Rh2+ 62. Kb3 Rd2 63. Ra5+ Kd6 64. Ra6 Rxd3+ 65. Kb2 Rd2+ 66. Kc1 Kxc7 67. Kxd2 Na8 68. Kd3 Kb7 69. Ra1 Nc7 70. a8=Q+ Nxa8 71. Rxa8 Kxa8 72. Kxd4 Kb7 73. Kd5 Kc8 74. Ke6 Kd8 75. Kf7 1-0

[Event "105th British-ch 2018"]
[Site "Hull"]
[Date "2018.08.03"]
[Round "7"]
[White "De Coverly, Roger D"]
[Black "Thurlow, Kevin J"]
[Result "1/2-1/2"]
[ECO "A08"]
[WhiteElo "1920"]
[BlackElo "2030"]
[Annotator "NA"]
[PlyCount "79"]
[EventDate "2018.07.28"]
[EventType "swiss"]
[EventCountry "GBR"]
[SourceTitle "playchess.com"]
[Source "ChessBase"]
[SourceQuality "1"]
[TimeControl "40/5400+30:1800+30"]

1. e4 c5 2. Nf3 e6 3. d3 d5 4. Nbd2 Nc6 5. g3 Nf6 6. Bg2 dxe4 7. dxe4 e5 8. O-O Be7 9. c3 O-O 10. Nc4 Qc7 11. Qc2 b6 12. Re1 Be6 13. Ne3 h6 14. Nh4 Rfd8 15. b3 Rd7 16. Bb2 Rad8 17. Rad1 g6 18. Rxd7 Rxd7 19. Rd1 Qd8 20. Rxd7 Qxd7 21. Qd1 Qxd1+ 22. Nxd1 c4 23. b4 b5 24. Ne3 Bd8 25. Nd5 Kg7 26. Bf3 g5 27. Nxf6 Kxf6 28. Nf5 Kg6 29. Kf1 h5 30. Bc1 Ne7 31. Nd6 a6 32. Be3 Bc7 33. Bc5 Nc8 34. Nb7 Bd7 35. Be3 Nb6 36. Nc5 Bc8 37. Bd1 Nd7 38. Bc2 Nxc5 39. Bxc5 g4 40. Ke2 1/2-1/2

[Event "105th British-ch 2018"]
[Site "Hull"]
[Date "2018.08.04"]
[Round "8"]
[White "Hawkins, Jonathan"]
[Black "Webb, Laurence"]
[Result "1-0"]
[ECO "C03"]
[WhiteElo "2590"]
[BlackElo "2306"]
[Annotator "ChessBase"]
[PlyCount "95"]
[EventDate "2018.07.28"]
[EventType "swiss"]
[EventCountry "GBR"]
[SourceTitle "playchess.com"]
[Source "ChessBase"]
[SourceQuality "1"]
[TimeControl "40/5400+30:1800+30"]

1. e4 e6 2. d4 d5 3. Nd2 Be7 4. e5 c5 5. c3 Nc6 6. Bd3 Nh6 7. Ne2 Nf5 8. Nf3 Nh4 9. Nxh4 Bxh4 10. Be3 cxd4 11. Bxd4 Bd7 12. O-O Be7 13. Kh1 Nxd4 14. Nxd4 Qb6 15. Qe2 a6 16. a4 a5 17. f4 g6 18. Bb5 Bxb5 19. axb5 Bc5 20. Nb3 a4 21. Nxc5 Qxc5 22. Ra3 O-O 23. Rfa1 d4 24. c4 d3 25. Qxd3 Qf2 26. Qe4 b6 27. b3 Rad8 28. Rxa4 Rd4 29. Qf3 Qxf3 30. gxf3 Rd3 31. Ra6 Rxb3 32. Rxb6 Rd8 33. Rd6 Rc8 34. Rc6 Rd8 35. Kg2 Rd2+ 36. Kg3 Rbb2 37. Rg1 Rxh2 38. b6 Rhc2 39. c5 Rc4 40. Rc7 Rcb4 41. Rd1 h5 42. Rd8+ Kg7 43. Rdd7 h4+ 44. Kg4 g5 45. Rxf7+ Kg8 46. Kxg5 Rg2+ 47. Kh6 h3 48. Rf6 1-0

[Event "105th British-ch 2018"]
[Site "Hull"]
[Date "2018.08.04"]
[Round "8"]
[White "Adair, James R"]
[Black "Arkell, Keith C"]
[Result "*"]
[WhiteElo "2492"]
[BlackElo "2406"]
[Annotator "ChessBase"]
[PlyCount "136"]
[EventDate "2018.07.28"]
[EventType "swiss"]
[EventCountry "GBR"]
[SourceTitle "playchess.com"]
[Source "ChessBase"]
[SourceQuality "1"]
[TimeControl "40/5400+30:1800+30"]

1. e4 e6 2. d4 d5 3. Nc3 dxe4 4. Nxe4 Bd7 5. Nf3 Bc6 6. Bd3 Nd7 7. O-O Ngf6 8. Ng3 (8. Ned2 ) 8... Be7 9. Re1 (9. Ne5 Nxe5 10. dxe5 Qd5 ) 9... Bxf3 (9... O-O 10. Ne5 Nxe5 11. dxe5 Qd5 12. f3 Bc5+ 13. Kh1 Ng4) 10. Qxf3 c6 11. c3 O-O 12. Bc2 Re8 13. Bd2 Qb6 (13... Nf8 14. Rad1 Qb6 15. Bc1 ) 14. b3 Rac8 15. Rad1 c5 16. dxc5 Bxc5 17. Ne4 (17. c4 ) 17... Be7 (17... Nxe4 18. Qxe4 (18. Rxe4 ) 18... Bxf2+ 19. Kh1 Nf6 ) 18. c4 (18. Nxf6+ Nxf6 ) (18. Ng5 h6 19. Nxe6 fxe6 20. Bxh6 gxh6 21. Qg3+ Kh8 22. Qg6 Bf8 (22... Nf8 23. Qxh6+ N8h7 24. Rxe6 Qxe6 25. Bxh7)) 18... Qa6 19. Bc3 Red8 (19... Qxa2 20. Re2 (20. Nxf6+ Nxf6 21. Qd3) (20. Qd3 Qa6 21. Nxf6+ Nxf6 22. Bxf6 Bxf6 23. Qxh7+ Kf8 24. Rd7 ) (20. Rxd7 Nxd7 21. Qd3) 20... Qa6 21. Rxd7 Nxd7 22. Qg3 e5 ) 20. Qg3 g6 21. a4 Nxe4 22. Bxe4 Qb6 23. a5 Qc7 24. Qxc7 Rxc7 25. g3 Rdc8 26. Re3 b6 27. Bc2 Nf6 28. Be5 Rc5 29. axb6 axb6 30. Bd4 R5c6 31. Re5 Ng4 32. Rb5 Bc5 33. h3 Bxd4 34. Rxd4 Nf6 35. Bd1 Rb8 36. Bf3 Rc5 37. Rb4 Ne8 38. Rd7 Rc7 39. Rxc7 Nxc7 40. c5 b5 41. Rd4 Na6 42. c6 (42. b4 e5 ) 42... Rc8 43. Rd6 (43. Be2) 43... Nb4 44. Be2 Nxc6 45. Bxb5 Na5 46. Ba4 Rb8 47. Rd3 Kg7 48. Kf1 Rb4 49. Ke2 Nb7 50. Rc3 Nd6 51. Rd3 Ne4 52. Ke3 Nc5 53. Rc3 Nxa4 54. bxa4 Rxa4 55. h4 h6 56. Rc7 g5 57. hxg5 hxg5 58. Rb7 Ra3+ 59. Ke2 Kg6 60. Re7 g4 61. Kd2 Kf6 62. Rb7 e5 63. Ke2 Ke6 64. Rb6+ Kf5 65. Rb7 f6 66. Rb6 Rc3 67. Ra6 Rc5 68. Ke3 Rb5 *

[Event "105th British-ch 2018"]
[Site "Hull"]
[Date "2018.08.04"]
[Round "8"]
[White "Tan, Justin Hy"]
[Black "Ghasi, Ameet K"]
[Result "1/2-1/2"]
[ECO "B12"]
[WhiteElo "2481"]
[BlackElo "2494"]
[Annotator "ChessBase"]
[PlyCount "98"]
[EventDate "2018.07.28"]
[EventType "swiss"]
[EventCountry "GBR"]
[SourceTitle "playchess.com"]
[Source "ChessBase"]
[SourceQuality "1"]
[TimeControl "40/5400+30:1800+30"]

1. e4 c6 2. d4 d5 3. e5 Bf5 4. Nf3 e6 5. Be2 c5 6. Be3 cxd4 7. Nxd4 Ne7 8. c4 Nbc6 9. O-O dxc4 10. Bxc4 Nxd4 11. Bxd4 a6 12. Bc3 Qxd1 13. Rxd1 Nc6 14. a3 Rc8 15. Nd2 Be7 16. Be2 O-O 17. Bf3 Bc2 18. Re1 Rfd8 19. Rac1 Bd3 20. Ne4 Bb5 21. g3 Ba4 22. h4 Bb3 23. Kg2 h6 24. h5 Rd7 25. Nd2 Bd5 26. Bxd5 Rxd5 27. Nc4 Rc5 28. Nb6 Rd8 29. b4 Rb5 30. Nc4 Rbd5 31. Ne3 Rd3 32. Nc4 b5 33. Nb2 R3d5 34. Nd1 Rd3 35. Nb2 R3d5 36. Nd1 a5 37. Ne3 Rd3 38. Bb2 axb4 39. Rxc6 bxa3 40. Bc1 Ra8 41. Nc2 b4 42. Re3 Rd1 43. Na1 Rad8 44. Rc7 R8d7 45. Rxd7 Rxd7 46. Nb3 Rd1 47. Re2 Rd3 48. Re3 Rd1 49. Re2 Rd3 1/2-1/2

[Event "105th British-ch 2018"]
[Site "Hull"]
[Date "2018.08.04"]
[Round "8"]
[White "Houska, Jovanka"]
[Black "Gormally, Daniel"]
[Result "0-1"]
[ECO "A13"]
[WhiteElo "2406"]
[BlackElo "2478"]
[Annotator "ChessBase"]
[PlyCount "118"]
[EventDate "2018.07.28"]
[EventType "swiss"]
[EventCountry "GBR"]
[SourceTitle "playchess.com"]
[Source "ChessBase"]
[SourceQuality "1"]
[TimeControl "40/5400+30:1800+30"]

1. Nf3 d5 2. d4 Nf6 3. c4 e6 4. e3 Be7 5. b3 O-O 6. Bb2 c5 7. cxd5 Nxd5 8. dxc5 Bxc5 9. Bd3 Nb4 10. Be2 Qxd1+ 11. Kxd1 Rd8+ 12. Nbd2 b6 13. a3 Nd5 14. Bc4 Bb7 15. Ke2 Nd7 16. Rhd1 a6 17. Rac1 Rac8 18. b4 Be7 19. Nb3 b5 20. Bd3 N7b6 21. Na5 Ba8 22. Rxc8 Rxc8 23. Rc1 Rxc1 24. Bxc1 Bf6 25. Ne1 Nc3+ 26. Kd2 Na2 27. Kc2 Nxc1 28. Kxc1 Na4 29. Be2 Be4 30. Bd3 Ba8 31. Be2 Bd5 32. Bf3 Bb2+ 33. Kb1 Bxa3 34. Nc2 Bxf3 35. gxf3 Bb2 36. Ne1 Be5 37. f4 Bc7 38. Nb3 Nc3+ 39. Kc2 Nd5 40. Nd3 Bd6 41. Ndc5 Nxb4+ 42. Kc3 Bxc5 43. Nxc5 a5 44. Nb7 Nd5+ 45. Kd4 a4 46. Nc5 Kf8 47. f5 Ke7 48. fxe6 fxe6 49. e4 Nb4 50. Kc3 Nc6 51. f4 b4+ 52. Kc4 a3 53. Kb3 e5 54. f5 Nd4+ 55. Ka2 Ne2 56. h4 Kd6 57. Nb7+ Kc6 58. Nd8+ Kb5 59. Nf7 Ka4 0-1

[Event "105th British-ch 2018"]
[Site "Hull"]
[Date "2018.08.04"]
[Round "8"]
[White "Mcphillips, Joseph"]
[Black "Toma, Katarzyna"]
[Result "1-0"]
[ECO "B33"]
[WhiteElo "2402"]
[BlackElo "2274"]
[Annotator "NA"]
[PlyCount "97"]
[EventDate "2018.07.28"]
[EventType "swiss"]
[EventCountry "GBR"]
[SourceTitle "playchess.com"]
[Source "ChessBase"]
[SourceQuality "1"]
[TimeControl "40/5400+30:1800+30"]

1. e4 c5 2. Nf3 Nc6 3. d4 cxd4 4. Nxd4 Nf6 5. Nc3 e5 6. Ndb5 d6 7. Bg5 a6 8. Na3 b5 9. Bxf6 gxf6 10. Nd5 f5 11. g3 fxe4 12. Bg2 Bg7 13. Bxe4 O-O 14. Ne3 Qd7 15. Qh5 f5 16. Bxf5 Rxf5 17. Nxf5 Qxf5 18. Qe8+ Qf8 19. Qxc6 Bg4 20. O-O Bf3 21. Qd7 Qf6 22. c3 Rd8 23. Qh3 d5 24. Rac1 Rf8 25. Nc2 d4 26. cxd4 exd4 27. Nb4 Be2 28. Nd5 Qf7 29. Nf4 d3 30. Rcd1 Qxa2 31. Nxd3 Qb3 32. Nc5 Bxf1 33. Rxf1 Qxb2 34. Qe6+ Rf7 35. Qxa6 b4 36. Ne6 h6 37. Qa8+ Kh7 38. Qd5 Ra7 39. Kg2 Qc2 40. Rd1 Ra2 41. Qf3 Ra7 42. Rd3 Kg8 43. Qd5 Rf7 44. Rf3 Qg6 45. Nd8 Bf6 46. Nxf7 Qxf7 47. Qf5 Kg7 48. Qg4+ Kh7 49. Qxb4 1-0

[Event "105th British-ch 2018"]
[Site "Hull"]
[Date "2018.08.04"]
[Round "8"]
[White "Fitzsimons, David"]
[Black "Abdulla, Murad"]
[Result "1-0"]
[ECO "C54"]
[WhiteElo "2328"]
[BlackElo "2281"]
[Annotator "NA"]
[PlyCount "73"]
[EventDate "2018.07.28"]
[EventType "swiss"]
[EventCountry "GBR"]
[SourceTitle "playchess.com"]
[Source "ChessBase"]
[SourceQuality "1"]
[TimeControl "40/5400+30:1800+30"]

1. e4 e5 2. Nf3 Nc6 3. Bc4 Bc5 4. O-O Nf6 5. d3 d6 6. c3 a6 7. Bb3 Ba7 8. Nbd2 h6 9. Re1 g5 10. Nf1 g4 11. N3d2 h5 12. Nc4 h4 13. Be3 Qe7 14. d4 b5 15. dxe5 dxe5 16. Bxa7 bxc4 17. Ba4 Bb7 18. Be3 Qe6 19. Bg5 Nd7 20. Qd5 Qg6 21. Rad1 Qe6 22. Re2 Rh5 23. Red2 Qxd5 24. Rxd5 Rxg5 25. Rxd7 Rc8 26. Ne3 Kf8 27. Nxc4 g3 28. hxg3 hxg3 29. fxg3 Rxg3 30. Rf1 Rg7 31. Nb6 Ke8 32. Nxc8 Kxd7 33. Na7 Rg6 34. Rxf7+ Kd8 35. Nxc6+ Bxc6 36. Bxc6 Rxc6 37. Rf5 1-0

[Event "105th British-ch 2018"]
[Site "Hull"]
[Date "2018.08.04"]
[Round "8"]
[White "Derakhshani, Borna"]
[Black "Tozer, Philip"]
[Result "1-0"]
[ECO "D02"]
[WhiteElo "2315"]
[BlackElo "2142"]
[Annotator "NA"]
[PlyCount "107"]
[EventDate "2018.07.28"]
[EventType "swiss"]
[EventCountry "GBR"]
[SourceTitle "playchess.com"]
[Source "ChessBase"]
[SourceQuality "1"]
[TimeControl "40/5400+30:1800+30"]

1. d4 e6 2. Bf4 Nf6 3. e3 c5 4. Nf3 d5 5. c3 Nc6 6. Nbd2 Bd6 7. Bg3 O-O 8. Bd3 b6 9. Ne5 Bb7 10. O-O Qc7 11. f4 Ne7 12. Qb1 g6 13. Bh4 Ne8 14. g4 f6 15. Nef3 Nc6 16. a3 Ng7 17. Qa2 c4 18. Bc2 b5 19. g5 f5 20. Ne5 a5 21. Bd1 b4 22. Be1 Nxe5 23. fxe5 Be7 24. h4 Bc6 25. Rf2 Kf7 26. Nf1 Ke8 27. Ng3 Rh8 28. Ne2 h6 29. Nf4 b3 30. Qb1 hxg5 31. Nxg6 Rh6 32. h5 Nxh5 33. Rh2 Kd7 34. Nxe7 Kxe7 35. Rxh5 Rxh5 36. Bxh5 Rh8 37. Bf3 Qd8 38. Qd1 Qf8 39. Qe2 Qh6 40. Qf2 Be8 41. Kf1 Bh5 42. Bg2 Bg4 43. Bd2 Qh5 44. Re1 Bd1 45. Qg3 Bg4 46. Kf2 Bd1 47. Rxd1 Qxd1 48. Qxg5+ Kd7 49. Qg7+ Kc6 50. Qxh8 Qxd2+ 51. Kf3 Qd1+ 52. Kg3 Qg4+ 53. Kh2 f4 54. Qh3 1-0

[Event "105th British-ch 2018"]
[Site "Hull"]
[Date "2018.08.04"]
[Round "8"]
[White "Kolbus, Dietmar"]
[Black "Maroroa, Sue Yuchan"]
[Result "1-0"]
[ECO "E81"]
[WhiteElo "2303"]
[BlackElo "2104"]
[Annotator "NA"]
[PlyCount "141"]
[EventDate "2018.07.28"]
[EventType "swiss"]
[EventCountry "GBR"]
[SourceTitle "playchess.com"]
[Source "ChessBase"]
[SourceQuality "1"]
[TimeControl "40/5400+30:1800+30"]

1. c4 Nf6 2. Nc3 g6 3. e4 d6 4. d4 Bg7 5. f3 O-O 6. Be3 c5 7. Nge2 Nc6 8. dxc5 dxc5 9. Qxd8 Rxd8 10. Bxc5 Nd7 11. Be3 Nde5 12. Nf4 b6 13. Rc1 e6 14. Be2 Ba6 15. b3 Nb4 16. O-O g5 17. Nh5 Ned3 18. Nxg7 Nxc1 19. Rxc1 Kxg7 20. Bxg5 f6 21. Be3 Rac8 22. Kf1 Nc6 23. Kf2 Nd4 24. Bf1 Bb7 25. Ne2 Nc6 26. Nc3 Nd4 27. Ke1 Ba6 28. Ne2 Nc6 29. Nf4 Kf7 30. Nd3 Nd4 31. Nb4 Bb7 32. Rd1 Nc6 33. Nd3 Ba6 34. Rd2 Rd7 35. Rc2 Rcd8 36. Rc3 Kg7 37. Kf2 Kf7 38. a3 Na5 39. Nb4 Bb7 40. Be2 Nc6 41. Nxc6 Bxc6 42. a4 Rc8 43. Rc1 Rb7 44. Ra1 f5 45. e5 a6 46. b4 b5 47. cxb5 axb5 48. a5 Rbb8 49. a6 Bd5 50. a7 Ra8 51. Bxb5 Rc2+ 52. Be2 Bc4 53. Re1 Ke8 54. Kf1 Rxe2 55. Rxe2 Kd7 56. Kf2 Bxe2 57. Kxe2 Kc6 58. Bc5 Kb7 59. Ke3 Rg8 60. g3 Rg7 61. Kf4 Rg6 62. g4 fxg4 63. fxg4 Rg8 64. h4 Ka8 65. g5 Kb7 66. Kg4 Ka8 67. Kh5 Rg6 68. Kg4 Rg8 69. h5 Kb7 70. g6 hxg6 71. h6 1-0

[Event "105th British-ch 2018"]
[Site "Hull"]
[Date "2018.08.04"]
[Round "8"]
[White "Muir, Andrew Joseph"]
[Black "Pollack, Oscar"]
[Result "0-1"]
[ECO "E84"]
[WhiteElo "2291"]
[BlackElo "2064"]
[Annotator "NA"]
[PlyCount "190"]
[EventDate "2018.07.28"]
[EventType "swiss"]
[EventCountry "GBR"]
[SourceTitle "playchess.com"]
[Source "ChessBase"]
[SourceQuality "1"]
[TimeControl "40/5400+30:1800+30"]

1. d4 Nf6 2. c4 g6 3. Nc3 Bg7 4. e4 d6 5. f3 O-O 6. Be3 Nc6 7. Nge2 a6 8. Qd2 Rb8 9. Rc1 Bd7 10. Nd1 b5 11. c5 dxc5 12. Rxc5 e6 13. g3 Qe7 14. Bg2 Rfd8 15. O-O Be8 16. Qc1 Rb6 17. Nf2 Qf8 18. Rd1 Na5 19. b3 Rc6 20. Nd3 Rxc5 21. Nxc5 b4 22. a4 bxa3 23. Qxa3 Nb7 24. b4 Nd6 25. Qxa6 Bb5 26. Qa2 Nc4 27. Bf2 Ra8 28. Qc2 Na3 29. Qd2 Bh6 30. Be3 Bxe3+ 31. Qxe3 Nc2 32. Qd2 Nxb4 33. Nc3 Bc4 34. f4 Rd8 35. e5 Nfd5 36. N3e4 Na6 37. Rc1 Nxc5 38. Nxc5 Nb6 39. Ne4 Qa3 40. f5 exf5 41. Nf6+ Kf8 42. Qh6+ Ke7 43. Nxh7 Kd7 44. d5 Bxd5 45. Nf6+ Kc8 46. Nxd5 Nxd5 47. Rd1 Qc5+ 48. Kh1 Ne3 49. Rxd8+ Kxd8 50. Qh8+ Kd7 51. e6+ Kxe6 52. Qa1 Nxg2 53. Kxg2 Qd5+ 54. Kg1 c5 55. Qa6+ Ke5 56. Qb6 c4 57. Qb8+ Kf6 58. Qh8+ Ke7 59. Qh4+ Ke6 60. Qh8 Qd1+ 61. Kg2 Qd2+ 62. Kh3 Qd5 63. Qe8+ Kf6 64. Qh8+ Ke7 65. Qg7 Qe6 66. Kg2 Qf6 67. Qg8 f4 68. Qb8 Qc6+ 69. Kh3 f3 70. g4 Ke6 71. Qf4 c3 72. Qe3+ Kd7 73. Qd4+ Kc8 74. Qh8+ Kb7 75. Qf8 Qc4 76. Qe7+ Kc6 77. Qf6+ Kb5 78. Qxf3 c2 79. Qb7+ Ka4 80. Qa7+ Kb3 81. Qb7+ Ka2 82. Qa7+ Kb2 83. Qf2 Qb3+ 84. Kh4 Kb1 85. Qe1+ c1=Q 86. Qe4+ Kb2 87. Qe2+ Qcc2 88. Qe5+ Kc1 89. Qa1+ Kd2 90. Qd4+ Qcd3 91. Qf2+ Qe2 92. Qd4+ Ke1 93. Qa1+ Qbd1 94. Qc3+ Kf1 95. Qf6+ Qf2+ 0-1

[Event "105th British-ch 2018"]
[Site "Hull"]
[Date "2018.08.04"]
[Round "8"]
[White "Zapolskis, Antanas J"]
[Black "Young"]
[Result "0-1"]
[ECO "B86"]
[WhiteElo "2283"]
[BlackElo "1962"]
[Annotator "NA"]
[PlyCount "52"]
[EventDate "2018.07.28"]
[EventType "swiss"]
[EventCountry "GBR"]
[SourceTitle "playchess.com"]
[Source "ChessBase"]
[SourceQuality "1"]
[TimeControl "40/5400+30:1800+30"]

1. e4 c5 2. Nf3 d6 3. d4 cxd4 4. Nxd4 Nf6 5. Nc3 a6 6. Bc4 e6 7. Bb3 Nbd7 8. f4 Nc5 9. e5 Nfd7 10. exd6 Nf6 11. Qe2 Bxd6 12. Nf5 O-O 13. Nxd6 Qxd6 14. Bd2 b5 15. O-O-O Bd7 16. Be3 Nxb3+ 17. axb3 Qc7 18. Bd4 Qxf4+ 19. Kb1 Bc6 20. Rhf1 Qg4 21. Qe5 b4 22. Rxf6 bxc3 23. Rf4 Qxd1+ 24. Ka2 f6 25. Qxe6+ Kh8 26. Qxc6 Qc1 0-1